 Dungeon Crawl Stone Soup version bcrawl-1.12.2 (webtiles) character file.

Game seed: 1894151176602679486

39 Ebbett the Covert (level 3, 0/25 HPs)
             Began as a Gnoll Rogue on July 22, 2019.
             Slain by a jackal (1 damage)
             ... on level 1 of the Dungeon.
             The game lasted 00:05:34 (1140 turns).

Ebbett the Covert (Gnoll Rogue)                     Turns: 1140, Time: 00:05:35

Health: 0/25       AC:  7    Str: 13    XL:     3   Next: 47%
Magic:  6/6        EV: 10    Int: 13    God:
Gold:   77         SH:  0    Dex: 17    Spells: 3/3 levels left

rFire    . . .     SeeInvis .   b - +0 blowgun
rCold    . . .     Gourm    .   (no shield)
rNeg     . . .     Faith    .   m - +0 ring mail
rPois    .         Spirit   .   (no helmet)
rElec    .         Reflect  .   d - +0 cloak
rCorr    .         Harm     .   (no gloves)
MR       .....                  p - +0 pair of boots
Stlth    +++.......             (no amulet)
HPRegen  0.08/turn              (no ring)
MPRegen  0.10/turn              (no ring)

@: no status effects
A: distributed training, fangs 1, strong nose
a: no special abilities


You were on level 1 of the Dungeon.
You were hungry.

You visited 1 branch of the dungeon, and saw 1 of its levels.

You collected 77 gold pieces.

Inventory:

Hand Weapons
 a - a +2 dagger
 b - a +0 blowgun (weapon)
Missiles
 q - 13 bolts (quivered)
Armour
 c - a +0 robe
 d - a +0 cloak (worn)
 m - a +0 ring mail (worn)
 p - a +0 pair of boots (worn)
Jewellery
 j - an uncursed ring of protection from magic {unknown}
Wands
 f - a wand of flame (15)
 g - a wand of enslavement (15)
Scrolls
 i - a scroll of identify {unknown}
 l - a scroll of enchant armour {unknown}
Potions
 k - a potion of degeneration {unknown}
 n - a potion of magic {unknown}
 o - a potion of curing {unknown}
 s - a potion of agility {unknown}
Comestibles
 h - a ration {!d}


   Skills:
 + Level 0.8 Fighting
 + Level 4.5 Short Blades
 + Level 0.8 Long Blades
 + Level 0.8 Axes
 + Level 0.8 Maces & Flails
 + Level 0.8 Polearms
 + Level 0.8 Staves
 + Level 0.8 Slings
 + Level 0.8 Bows
 + Level 0.8 Crossbows
 + Level 4.5 Throwing
 + Level 0.8 Armour
 + Level 0.8 Dodging
 + Level 8.5 Stealth
 + Level 0.8 Shields
 + Level 0.8 Unarmed Combat
 + Level 0.8 Spellcasting
 + Level 0.5 Conjurations
 + Level 0.5 Hexes
 + Level 0.5 Charms
 + Level 0.5 Summonings
 + Level 0.5 Necromancy
 + Level 0.5 Translocations
 + Level 0.5 Transmutations
 + Level 0.5 Fire Magic
 + Level 0.5 Ice Magic
 + Level 0.5 Air Magic
 + Level 0.5 Earth Magic
 + Level 0.5 Poison Magic
 + Level 1.0 Invocations
 + Level 4.5 Evocations


You had 3 spell levels left.
You didn't know any spells.
Your spell library was empty.

Dungeon Overview and Level Annotations

Branches:
Dungeon (1/12)

Altars:


Innate Abilities, Weirdness & Mutations

Your experience applies equally to all skills.
You have very sharp teeth.
Your uncanny sense of smell can sniff out nearby items.


Message History

The jackal bites you but does no damage.
The jackal barely misses you.
You clumsily bash the jackal but do no damage.
The bat hits you but does no damage.
The jackal bites you but does no damage.
The jackal barely misses you.
You barely miss the jackal. Your bite misses the jackal.
The bat closely misses you. The jackal barely misses you. x2
The jackal bites you but does no damage.
You barely miss the jackal. You bite the jackal, but do no damage.
The bat hits you but does no damage. x2; The jackal misses you.
The jackal bites you but does no damage.
You clumsily bash the jackal but do no damage.
The bat hits you but does no damage. The jackal bites you.
* * * LOW HITPOINT WARNING * * *
The jackal bites you but does no damage.
You closely miss the jackal. You bite the jackal, but do no damage.
The bat hits you but does no damage. The jackal barely misses you.
The bat closely misses you. The jackal bites you.
You die...

#. #########. #####.........
#.....#######.
###########...#########.
#....................... ###
#...........#.##########
..########.................######
...............b@..........'....>
..#.######......h..........#####.
..#.# #.................### #.
..#.######...................###.
.##.....#......#####.......#...#.
.######.#......#...#.............
.#....#.#......#.#.#.#.#.#.......
......#..........#.#.#.#.#..#....
>..............รท.................


You could see a jackal and a bat.

Vanquished Creatures
  A worm (D:1)
  A dart slug (D:1)
  A leopard gecko (D:1)
  4 bats (D:1)
  A giant cockroach (D:1)
  4 goblins (D:1)
  4 hobgoblins (D:1)
  6 jackals (D:1)
  2 kobolds (D:1)
  2 frilled lizards (D:1)
  4 rats (D:1)
30 creatures vanquished.

Notes
Turn   | Place    | Note
-------+----------+-------------------------------------------
     0 | D:1      | Ebbett the Gnoll Rogue began the quest for the Orb.
     0 | D:1      | Reached XP level 1. HP: 13/13 MP: 3/3
   101 | D:1      | Reached XP level 2. HP: 19/19 MP: 5/5
   491 | D:1      | Reached XP level 3. HP: 25/25 MP: 6/6
   918 | D:1      | Reached skill level 1 in Invocations
  1139 | D:1      | HP: 1/25 [jackal (2)]
  1140 | D:1      | Slain by a jackal

Skill      XL: |  1  2  3 |
---------------+----------+-----
Invocations    | 1 |  1.0
Fighting       | |  0.8
Short Blades   | |  4.5
Long Blades    | |  0.8
Axes           | |  0.8
Maces & Flails | |  0.8
Polearms       | |  0.8
Staves         | |  0.8
Slings         | |  0.8
Bows           | |  0.8
Crossbows      | |  0.8
Throwing       | |  4.5
Armour         | |  0.8
Dodging        | |  0.8
Stealth        | |  8.5
Shields        | |  0.8
Unarmed Combat | |  0.8
Spellcasting   | |  0.8
Conjurations   | |  0.5
Hexes          | |  0.5
Charms         | |  0.5
Summonings     | |  0.5
Necromancy     | |  0.5
Translocations | |  0.5
Transmutations | |  0.5
Fire Magic     | |  0.5
Ice Magic      | |  0.5
Air Magic      | |  0.5
Earth Magic    | |  0.5
Poison Magic   | |  0.5
Evocations     | |  4.5

Action                   || total
-------------------------++-------
Melee: Blowgun           ||    86
       Bite              ||     9
 Fire: Blowgun           ||    80
 Stab: Sleeping          ||     1
Armor: Ring mail         ||   234
Dodge: Dodged            ||   262
